 Dungeon Crawl Stone Soup version 0.28-a0-592-g6fc52098c6 (webtiles) character file.

Game seed: 6979367486353037993

11666 gonz the Destroyer (level 11, -3/74 HPs)
             Began as a Purple Draconian Conjurer on Oct 4, 2021.
             Was an Initiate of Gozag.
             Slain by a six-headed hydra (13 damage)
             ... on level 9 of the Dungeon.
             The game lasted 02:09:20 (16532 turns).

gonz the Destroyer (Purple Draconian Conjurer)     Turns: 16532, Time: 02:09:20

Health: -3/74      AC: 12    Str: 11    XL:     11   Next: 52%
Magic:  17/26      EV: 12    Int: 21    God:    Gozag
Gold:   1298       SH:  5    Dex:  9    Spells: 15/32 levels left

rFire   . . .      SeeInvis .   B - +0 whip (flame)
rCold   . . .      Faith    .   (no shield)
rNeg    . . .      Spirit   .   (armour unavailable)
rPois   .          Reflect  +   (helmet restricted)
rElec   .          Harm     .   c - +2 cloak {Will+}
rCorr   .          Rampage  +   (no gloves)
Will    +++..                   y - +1 pair of boots {rampage}
Stlth   ++........              z - amulet of reflection
HPRegen 0.22/turn               b - ring of willpower
MPRegen 0.20/turn               (no ring)

@: no status effects
A: breathe power, AC +7, unfitting armour, cold-blooded
a: Breathe Dispelling Energy, Renounce Religion, Potion Petition, Call Merchant,
Bribe Branch


You were on level 9 of the Dungeon.
You worshipped Gozag.
Gozag was most pleased with you.
You visited 1 branch of the dungeon, and saw 10 of its levels.

You collected 1897 gold pieces.
You spent 517 gold pieces at shops.
You paid 82 gold pieces to Gozag.

Inventory:

Hand Weapons
 e - a +4 short sword of draining
 B - a +0 whip of flaming (weapon)
 C - a +2 flail
 D - a +3 hand axe
 G - the +8 quarterstaff of the Beginning {spect, Drain rC+ MP+9 Int+4 Dex+4}
   (You found it on level 8 of the Dungeon)

   When its wielder attacks, the weapon's spirit leaps out and strikes again.
   The spirit shares a part of any damage it takes with its wielder.
   Int:       It affects your intelligence (+4).
   Dex:       It affects your dexterity (+4).
   rC:        It protects you from cold.
   MP:        It affects your magic capacity (+9).
   Drain:     It drains your maximum health when unequipped.
Armour
 c - a +2 cloak of willpower (worn)
 y - a +1 pair of boots of rampaging (worn)
Magical Staves
 v - a staff of poison
Jewellery
 b - a ring of willpower (left hand)
 r - an amulet of the acrobat
 z - an amulet of reflection (around neck)
 I - an amulet of guardian spirit
 K - an amulet of guardian spirit
Wands
 n - a wand of flame (49)
 o - a wand of paralysis (15)
 p - a wand of charming (10)
 t - a wand of iceblast (15)
 E - a wand of polymorph (6)
Scrolls
 h - 2 scrolls of noise
 i - 3 scrolls of vulnerability
 l - a scroll of amnesia
 m - a scroll of immolation
 s - a scroll of enchant armour
 u - a scroll of fog
 w - a scroll of magic mapping
 F - a scroll of acquirement
 H - 3 scrolls of teleportation
 J - 2 scrolls of identify
Potions
 a - 2 potions of mutation
 d - 5 potions of curing
 f - a potion of cancellation
 g - 10 potions of ambrosia
 j - 2 potions of berserk rage
 k - a potion of heal wounds
 q - a potion of attraction
 x - 2 potions of resistance
 A - a potion of lignification


   Skills:
 - Level 1.8 Dodging
 - Level 1.8 Stealth
 * Level 11.2 Spellcasting
 * Level 12.8 Conjurations
 * Level 4.6 Hexes
 * Level 4.2 Translocations
 + Level 5.0 Air Magic
 + Level 5.0 Poison Magic


You had 15 spell levels left.
You knew the following spells:

 Your Spells              Type           Power      Damage    Failure   Level
a - Magic Dart            Conj           100%       1d8       1%          1
b - Searing Ray           Conj           100%       2d8       1%          2
c - Mephitic Cloud        Conj/Pois/Air  43%        N/A       1%          3
d - Iskenderun's Mystic   Conj/Tloc      47%        2d10      1%          4
e - Fulminant Prism       Conj/Hex       24%        3d13      1%          4
f - Dazzling Flash        Conj/Hex       96%        N/A       1%          3

Your spell library contained the following spells:

 Spells                   Type           Power      Damage    Failure   Level
 Slow                     Hex            31%        N/A       1%          2
 Confusing Touch          Hex            31%        N/A       2%          3
 Portal Projectile        Hex/Tloc       60%        N/A       2%          3
 Gell's Gravitas          Tloc           14%        N/A       3%          3
 Lesser Beckoning         Tloc           29%        N/A       3%          3
 Teleport Other           Tloc           29%        N/A       3%          3
 Call Imp                 Summ           11%        N/A       9%          2
 Animate Dead             Necr           5%         N/A       50%         4
 Yara's Violent Unravell  Hex/Tmut       10%        3d6       52%         5
 Blade Hands              Tmut           5%         N/A       85%         5
 Borgnjor's Vile Clutch   Necr/Erth      5%         N/A       85%         5
 Excruciating Wounds      Necr           5%         N/A       85%         5
 Death Channel            Necr           5%         N/A       100%        6


Dungeon Overview and Level Annotations

Branches:
Dungeon (10/15)            Temple (0/1) D:7
   Lair: D:8-11         Orc: D:9-12

Altars:
Ashenzari
Gozag
Kikubaaqudgha
Trog
Wu Jian
The Shining One

Shops:
D:5 [   D:7 *=


Innate Abilities, Weirdness & Mutations

You can breathe bolts of dispelling energy.
Your rich purple scales are hard. (AC +7)
You cannot fit into any form of body armour.
You are cold-blooded and may be slowed by cold attacks.


Message History

You block the six-headed hydra's attack. x2
The six-headed hydra bites you. The six-headed hydra bites you!
The six-headed hydra barely misses you. The six-headed hydra bites you!
* * * LOW HITPOINT WARNING * * *
You block the six-headed hydra's attack.
The six-headed hydra misses you. The six-headed hydra bites you!
* * * LOW HITPOINT WARNING * * *
The six-headed hydra closely misses you.
You climb upwards.
There is a stone staircase leading down here.
Okay, then.
You feel much better. The six-headed hydra bites you.
The six-headed hydra misses you. The six-headed hydra bites you!
* * * LOW HITPOINT WARNING * * *
The six-headed hydra completely misses you.
The six-headed hydra closely misses you.
The six-headed hydra bites you!
* * * LOW HITPOINT WARNING * * *
You feel much better. The six-headed hydra misses you.
The six-headed hydra bites you!
* * * LOW HITPOINT WARNING * * *
The six-headed hydra bites you.
* * * LOW HITPOINT WARNING * * *
The six-headed hydra bites you but does no damage.
The six-headed hydra barely misses you.
The six-headed hydra closely misses you.
You feel much better.
The six-headed hydra closely misses you.
The six-headed hydra bites you!
You block the six-headed hydra's attack.
The six-headed hydra bites you!
* * * LOW HITPOINT WARNING * * *
The six-headed hydra barely misses you. The six-headed hydra bites you.
* * * LOW HITPOINT WARNING * * *
You block the six-headed hydra's attack.
The six-headed hydra bites you.
* * * LOW HITPOINT WARNING * * *
The six-headed hydra bites you!
You die...
Your body crumbles into a pile of gold.

≈≈..#########)................#
≈≈≈## ##.#.#############.# #
§§§#########.......# #.###
§§§##...#....#####.# #.#.#
§............# #.### #...(
#######......# #...########.#.#
#..###.# #.#.............
#######..###.#####.##############
#.............>D@..#
#.#####..#...#..#### #.#
#...###.).# ### #.# #..##
##.#####.## #.# #..# #..(.....#
#.# ##.## ##.#####.##
#.######..###..# #.#
#..O...O....<..# #.#
....#..........# #.#


You could see a six-headed hydra.

Vanquished Creatures
  2 two-headed ogres
  Pikel (D:7)
  A cyclops (D:7)
  2 trolls
  Grinder (D:3)
  2 shadows
  2 wyverns (D:7)
  A wraith (D:10)
  16 yaks
  2 steam dragons (D:10)
  5 water moccasins
  5 orc warriors
  An ice beast (D:5)
  2 sky beasts
  4 black bears
  4 ogres
  A necrophage (D:9)
  2 centaurs
  3 lemures
  2 phantoms
  A kobold brigand (D:5)
  A bullfrog (D:6)
  2 scorpions
  A water moccasin zombie (D:6)
  2 wyvern skeletons
  36 killer bees
  5 wights
  5 howler monkeys
  2 hounds
  2 bullfrog skeletons (D:6)
  2 centaur zombies
  A centaur skeleton (D:7)
  6 orc priests
  An iguana (D:6)
  5 orc wizards
  2 killer bee zombies
  A howler monkey zombie (D:9)
  Robin (D:3)
  9 adders
  A shadow imp (D:8)
  2 white imps
  An ufetubus (D:4)
  An adder skeleton (D:4)
  6 worms
  2 dart slugs
  14 orcs
  A bat (D:3)
  A bat zombie (D:5)
  3 endoplasms
  7 giant cockroaches
  17 goblins
  8 hobgoblins
  5 quokkas
  8 ball pythons
  4 frilled lizards
  8 kobolds
  7 rats
  A rat zombie (D:5)
  5 fulminant prisms (D:9)
246 creatures vanquished.

Vanquished Creatures (collateral kills)
  A queen bee (D:9)
  3 killer bees (D:9)
4 creatures vanquished.

Vanquished Creatures (others)
  25 fulminant prisms
  6 plants (D:10)
  12 withered plants (D:9)
43 creatures vanquished.

Grand Total: 293 creatures vanquished

Notes
Turn   | Place    | Note
-------+----------+-------------------------------------------
     0 | D:1      | gonz the Draconian Conjurer began the quest for the Orb.
     0 | D:1      | Reached XP level 1. HP: 14/14 MP: 3/3
   553 | D:1      | Reached XP level 2. HP: 20/20 MP: 0/5
   602 | D:1      | Learned a level 2 spell: Searing Ray
  1529 | D:2      | Found a glowing golden altar of the Shining One.
  1597 | D:2      | Reached XP level 3. HP: 26/26 MP: 0/6
  1997 | D:2      | Reached skill level 5 in Conjurations
  2736 | D:2      | Reached XP level 4. HP: 33/33 MP: 5/8
  3130 | D:3      | Reached XP level 5. HP: 38/38 MP: 4/9
  3436 | D:3      | Found a faded altar of an unknown god.
  3600 | D:3      | Reached skill level 6 in Conjurations
  3808 | D:3      | Noticed Grinder
  3879 | D:3      | Killed Grinder
  3880 | D:3      | Reached XP level 6. HP: 11/45 MP: 1/11
  4227 | D:3      | Noticed a moth of wrath
  4232 | D:3      | Noticed Robin
  4288 | D:3      | Killed Robin
  4614 | D:3      | Found a bloodstained altar of Trog.
  4838 | D:4      | Found a glowing golden altar of the Shining One.
  4838 | D:4      | Found an opulent altar of Gozag.
  4847 | D:4      | Became a worshipper of Gozag Ym Sagoz the Greedy
  4869 | D:4      | Reached skill level 7 in Conjurations
  5130 | D:4      | Noticed a sky beast
  5146 | D:4      | Killed a sky beast
  5147 | D:4      | Your scales start taking on a rich purple colour.
  5147 | D:4      | Reached skill level 5 in Spellcasting
  5147 | D:4      | Reached XP level 7. HP: 41/50 MP: 3/14
  6011 | D:4      | Found an ornate altar of the Wu Jian Council.
  6071 | D:5      | Entered Level 5 of the Dungeon
  6178 | D:4      | Reached skill level 8 in Conjurations
  6729 | D:5      | Reached XP level 8. HP: 57/57 MP: 9/17
  6820 | D:5      | Found Zuqur's Antique Armour Shop.
  7222 | D:5      | Reached skill level 9 in Conjurations
  7421 | D:5      | Found an ancient bone altar of Kikubaaqudgha.
  7463 | D:5      | Bought a glowing cloak for 157 gold pieces
  8502 | D:6      | Reached skill level 10 in Conjurations
  8778 | D:6      | Reached XP level 9. HP: 62/62 MP: 13/20
  9073 | D:6      | Reached skill level 1 in Air Magic
  9073 | D:6      | Reached skill level 1 in Poison Magic
  9124 | D:6      | Reached skill level 11 in Conjurations
  9559 | D:7      | Learned a level 3 spell: Mephitic Cloud
  9564 | D:7      | Learned a level 4 spell: Iskenderun's Mystic Blast
  9749 | D:7      | Found Fivou's Lightly-Used Armoury.
  9953 | D:7      | Found a staircase to the Ecumenical Temple.
 10128 | D:7      | Noticed a cyclops
 10166 | D:7      | Killed a cyclops
 10167 | D:7      | Reached XP level 10. HP: 69/69 MP: 8/23
 10314 | D:7      | Found Vimmitim's Jewellery Shop.
 10438 | D:7      | Bought an amulet of reflection for 360 gold pieces
 10583 | D:8      | Noticed Pikel
 10782 | D:7      | Killed Pikel
 11119 | D:8      | Found a broken altar of Ashenzari.
 11285 | D:8      | Identified a scroll of acquirement
 11318 | D:8      | Reached skill level 10 in Spellcasting
 11318 | D:8      | Reached skill level 12 in Conjurations
 11470 | D:8      | Identified the +8 quarterstaff of the Beginning {spect,
                  | Drain rC+ MP+9 Int+4 Dex+4}
 11503 | D:8      | Learned a level 4 spell: Fulminant Prism
 11507 | D:8      | Learned a level 3 spell: Dazzling Flash
 12187 | D:8      | Reached skill level 1 in Hexes
 12187 | D:8      | Reached skill level 1 in Translocations
 13218 | D:9      | Reached XP level 11. HP: 74/74 MP: 6/25
 14077 | D:9      | Identified the +6 ring mail "Wuwesamp" {rF- Dex+6} (You
                  | took it off a wight on level 9 of the Dungeon)
 14914 | D:9      | Noticed a two-headed ogre
 15362 | D:9      | Killed a two-headed ogre
 15666 | D:10     | Entered Level 10 of the Dungeon
 15670 | D:10     | Noticed a death yak
 15674 | D:10     | Noticed a death yak
 16240 | D:10     | Noticed a two-headed ogre
 16253 | D:10     | Killed a two-headed ogre
 16254 | D:10     | Reached skill level 5 in Air Magic
 16254 | D:10     | Reached skill level 5 in Poison Magic
 16499 | D:10     | Noticed a six-headed hydra
 16532 | D:9      | Slain by a six-headed hydra

Illustrated notes

Levels and vault maps discovered:
D:1:      tarquinn_simple_flora_water_f, layout_basic, minivault_5
D:2:      layout_basic, basic_altar
D:3:      layout_loops_ring, tgw_trog, hellmonk_ecumenical_altar_lost_god,
          minmay_misc_feat_enclosed, grunt_ministairs_7, uniq_grinder,
          uniq_robin
D:4:      layout_loops_corners, nicolae_wu_jian_immortal_techniques,
          nicolae_overflow_hidden_temple, jmf_multi_god_temple,
          chequers_mini_garden, minmay_misc_feat_roman
D:5:      layout_loops_cross, lemuel_zombie_altar_kikubaaqudgha, serial_shops,
          nicolae_shop_stone, st_stairs_7, bh_walls_and_bars
D:6:      layout_rooms
D:7:      layout_basic, minmay_temple_entry_mist, serial_shops,
          nicolae_shop_temple_entry_statues_fountains, minmay_shop_damaged
D:8:      layout_rooms, kennysheep_mini, interstate_on_off, uniq_pikel
D:9:      layout_loops_ring, special_room [special_room_bee], serial_undead,
          serial_undead_c, serial_undead_e, serial_undead_b, serial_undead_f
D:10:     minmay_the_grid_4x2 [minmay_the_grid_aliased_spiral,
          minmay_the_grid_square_x, minmay_the_grid_minigrid_medium,
          minmay_the_grid_expand, minmay_the_grid_minigrid_small,
          minmay_the_grid_fan, minmay_the_grid_garden,
          minmay_the_grid_prize_shrinking_boxes], layout_gridville,
          bloody_makhleb, dpeg_lair_monsters, minmay_misc_feat_x, uniq_erolcha,
          uniq_urug

Skill      XL: |  1  2  3  4  5  6  7  8  9 10 11 |
---------------+----------------------------------+-----
Conjurations   | 5 6 7 8 10 11 12 | 12.8
Spellcasting   | 3 5 6 7 9 10 11 | 11.2
Air Magic      | 3 4 5 |  5.0
Poison Magic   | 3 4 5 |  5.0
Hexes          | 2 4 |  4.6
Translocations | 2 4 |  4.2
Dodging        | |  1.8
Stealth        | |  1.8

Action                   |  1- 3 |  4- 6 |  7- 9 | 10-12 || total
-------------------------+-------+-------+-------+-------++-------
Melee: Unarmed           |    10 |       |       |       ||    10
       Short sword       |       |       |     3 |     2 ||     5
       Whip              |       |       |       |     3 ||     3
       Tailslap          |       |       |       |     1 ||     1
 Cast: Magic Dart        |    83 |    42 |    58 |     2 ||   185
       Searing Ray       |     4 |    22 |    53 |    92 ||   171
       Mephitic Cloud    |       |       |     3 |    53 ||    56
       Fulminant Prism   |       |       |       |    30 ||    30
       Iskenderun's Myst |       |       |       |     1 ||     1
  Use: Scroll            |     5 |     1 |     8 |     9 ||    23
       Potion            |       |       |     2 |     3 ||     5
Armor: Skin              |     9 |     9 |    33 |    74 ||   125
Dodge: Dodged            |    16 |    17 |   105 |   130 ||   268
Block: Other             |       |       |       |    44 ||    44
       Reflection        |       |       |       |     2 ||     2

Table legend: (Time is in decaauts)
 A = Elapsed time spent in this place.
 B = Non-inter-level travel time spent in this place.
 C = Inter-level travel time spent in this place.
 D = Time resting spent in this place.
 E = Time spent auto-exploring this place.
 F = Levels seen in this place.
 G = Mean time per level.
                   A        B        C        D        E       F      G
               +--------+--------+--------+--------+--------+-----+--------+
         Total |  16552 |  16526 |     26 |   6484 |   2884 |  10 | 1655.2 |
       Dungeon |  16552 |  16526 |     26 |   6484 |   2884 |  10 | 1655.2 |
               +--------+--------+--------+--------+--------+-----+--------+

Top non-repeatable levels by time:
     D:9: 3757 daAuts
     D:4: 1990 daAuts
     D:3: 1745 daAuts
     D:5: 1720 daAuts
     D:2: 1569 daAuts
     D:7: 1490 daAuts
     D:1: 1456 daAuts
     D:8: 1335 daAuts
     D:6: 1073 daAuts
    D:10: 413 daAuts
